 Dungeon Crawl Stone Soup version 0.28-a0-1429-gf3d713df7a (webtiles) character file.

Game seed: 12417531285029009832

136 Gargoyl the Skirmisher (level 5, -2/70 HPs)
             Began as a Gnoll Abyssal Knight on Jan 8, 2022.
             Was a Follower of Lugonu.
             Succumbed to a scorpion's poison
             ... on level 3 of the Dungeon.
             The game lasted 00:04:02 (3473 turns).

Gargoyl the Skirmisher (Gnoll Abyssal Knight)       Turns: 3473, Time: 00:04:02

Health: -2/70      AC: 22    Str: 12 (14) XL:     5   Next: 19%
Magic:  8/8        EV:  2    Int:  7 (10) God:    Lugonu [*.....]
Gold:   104        SH:  0    Dex: 11 (12) Spells: 6/6 levels left

rFire   . . .      SeeInvis .   a - +1 hand axe
rCold   . . .      Faith    .   (no shield)
rNeg    . . .      Spirit   .   (armour currently unavailable)
rPois   +          Reflect  .   (helmet currently unavailable)
rElec   .          Harm     .   (cloak currently unavailable)
rCorr   .          Rampage  .   (gloves currently unavailable)
Will    .....      NoTele   +   (boots currently unavailable)
Stlth   ++........              h - amulet of the acrobat
HPRegen 0.21/turn               (no ring)
MPRegen 0.11/turn               (no ring)

@: lethally poisoned (-2 -> -19), tree-form
A: stationary, stasis, torment immunity, boosted hp, (fangs 1), strong nose,
distributed training
a: Renounce Religion, Depart the Abyss


You were on level 3 of the Dungeon.
You worshipped Lugonu.
Lugonu was aware of your devotion.
You were a tree.
You visited 1 branch of the dungeon, and saw 3 of its levels.
You visited the Abyss 1 time.

You collected 104 gold pieces.

Inventory:

Hand Weapons
 a - a +1 hand axe (weapon)
Armour
 d - a +0 helmet (melded)
 q - a +0 chain mail (melded)
Jewellery
 h - an amulet of the acrobat (around neck)
Scrolls
 e - a scroll of brand weapon {unknown}
 g - a scroll of vulnerability {unknown}
 p - a scroll of torment {unknown}
 r - a scroll of teleportation {unknown}
Potions
 f - a potion of resistance
 i - a potion of brilliance {unknown}
 k - a potion of mutation {unknown}
 l - a potion of haste {unknown}
 m - a potion of flight {unknown}
 n - a potion of heal wounds {unknown}


   Skills:
 + Level 6.6 Fighting
 + Level 1.4 Short Blades
 + Level 1.4 Long Blades
 + Level 4.7 Axes
 + Level 1.4 Maces & Flails
 + Level 1.4 Polearms
 + Level 1.4 Staves
 + Level 1.4 Slings
 + Level 1.4 Bows
 + Level 1.4 Crossbows
 + Level 1.4 Throwing
 + Level 4.7 Armour
 + Level 2.9 Dodging
 + Level 1.4 Stealth
 + Level 1.4 Shields
 + Level 1.4 Unarmed Combat
 + Level 1.4 Spellcasting
 + Level 1.1 Conjurations
 + Level 1.1 Hexes
 + Level 1.1 Summonings
 + Level 1.1 Necromancy
 + Level 1.1 Translocations
 + Level 1.1 Transmutations
 + Level 1.1 Fire Magic
 + Level 1.1 Ice Magic
 + Level 1.1 Air Magic
 + Level 1.1 Earth Magic
 + Level 1.1 Poison Magic
 + Level 4.8 Invocations
 + Level 1.4 Evocations


You had 6 spell levels left.
You didn't know any spells.
Your spell library was empty.

Dungeon Overview and Level Annotations

Branches:
Dungeon (3/15)

Altars:

Shops:
D:1 *(


Innate Abilities, Weirdness & Mutations

You are a tree.
Your roots penetrate the ground, keeping you stationary.
You cannot be teleported.
You are immune to unholy pain and torment.
Your maximum health is greatly increased.
Your equipment is partially melded.
((You have very sharp teeth.))
Your uncanny sense of smell can sniff out nearby items.
Your experience applies equally to all skills.


Message History

The scorpion poisons you! The scorpion stings you.
You are more poisoned.
The scorpion poisons you!
It was a potion of magic.
Magic courses through your body.
You feel very sick.
The scorpion stings you but does no damage.
What are your orders? t - Bark!
Orders for allies: a - Attack new target. r - Retreat! s - Stop attacking. g - Guard the area. f - Follow me.
Anything else - Cancel.
Okay, then.
You hit the scorpion but do no damage. Your punch misses the scorpion.
Your bite misses the scorpion.
The scorpion is moderately wounded.
You feel very sick. The scorpion barely misses you.
You hit the scorpion.
You bite the scorpion, but do no damage.
The scorpion is moderately wounded.
* * * LOW HITPOINT WARNING * * *
You feel very sick. The scorpion stings you.
* * * LOW HITPOINT WARNING * * *
You are more poisoned.
The scorpion poisons you!
The scorpion stings you but does no damage.
It was a potion of degeneration.
There was something very wrong with that liquid.
You feel weakened.
You feel dopey.
You feel clumsy.
* * * LOW HITPOINT WARNING * * *
You feel very sick. The scorpion stings you.
* * * LOW HITPOINT WARNING * * *
It was a potion of lignification.
You turn into a tree.
Your +0 helmet melds into your body.
Your +0 chain mail melds into your body.
Your roots penetrate the ground.
You die...

**#.# #.........#
#...# ###########
#.#.# #< #.#.# #.
#>#.# #. #.#.# #.
#.#.# #.
#s#.##############.
#.♣................
##############.###.
#.###. #.....
#####. #. ##


You could see a scorpion.

Vanquished Creatures
  An orc priest (D:3)
  3 gnolls (D:3)
  2 adders (D:2)
  A white imp (Abyss:2)
  A worm (D:2)
  A dart slug (D:1)
  3 orcs (D:3)
  4 endoplasms
  3 giant cockroaches
  6 goblins
  4 hobgoblins (D:3)
  A kobold (D:1)
  2 quokkas (D:1)
  6 ball pythons
  4 bats
  5 frilled lizards
  4 rats
51 creatures vanquished.

Vanquished Creatures (collateral kills)
  A goblin (D:3)
1 creature vanquished.

Grand Total: 52 creatures vanquished

Notes
Turn   | Place    | Note
-------+----------+-------------------------------------------
     0 | Abyss:1  | Gargoyl the Gnoll Abyssal Knight began the quest for the
                  | Orb.
     0 | Abyss:1  | Reached XP level 1. HP: 23/23 MP: 3/3
    60 | Abyss:2  | Noticed a smoke demon
    60 | D:1      | Escaped the Abyss
   347 | D:1      | Reached * piety under Lugonu
   557 | D:1      | Reached XP level 2. HP: 29/29 MP: 5/5
   675 | D:1      | Found Ruydu's General Store.
   771 | D:1      | Found Luuddy's Weapon Shoppe.
  1045 | D:2      | Found a faded altar of an unknown god.
  1227 | D:2      | Reached XP level 3. HP: 35/35 MP: 6/6
  1906 | D:2      | Reached skill level 1 in Short Blades
  1906 | D:2      | Reached skill level 1 in Long Blades
  1906 | D:2      | Reached skill level 1 in Maces & Flails
  1906 | D:2      | Reached skill level 1 in Polearms
  1906 | D:2      | Reached skill level 1 in Staves
  1906 | D:2      | Reached skill level 1 in Slings
  1906 | D:2      | Reached skill level 1 in Bows
  1906 | D:2      | Reached skill level 1 in Crossbows
  1906 | D:2      | Reached skill level 1 in Throwing
  1906 | D:2      | Reached skill level 1 in Stealth
  1906 | D:2      | Reached skill level 1 in Shields
  1906 | D:2      | Reached skill level 1 in Unarmed Combat
  1906 | D:2      | Reached skill level 1 in Spellcasting
  1906 | D:2      | Reached skill level 1 in Evocations
  2282 | D:3      | Reached XP level 4. HP: 35/41 MP: 7/7
  2783 | D:3      | Reached skill level 1 in Conjurations
  2783 | D:3      | Reached skill level 1 in Hexes
  2783 | D:3      | Reached skill level 1 in Summonings
  2783 | D:3      | Reached skill level 1 in Necromancy
  2783 | D:3      | Reached skill level 1 in Translocations
  2783 | D:3      | Reached skill level 1 in Transmutations
  2783 | D:3      | Reached skill level 1 in Fire Magic
  2783 | D:3      | Reached skill level 1 in Ice Magic
  2783 | D:3      | Reached skill level 1 in Air Magic
  2783 | D:3      | Reached skill level 1 in Earth Magic
  2783 | D:3      | Reached skill level 1 in Poison Magic
  3153 | D:3      | Reached ** piety under Lugonu
  3154 | D:3      | Reached XP level 5. HP: 11/47 MP: 8/8
  3472 | D:3      | HP: 1/47 [scorpion (2)]
  3473 | D:3      | Succumbed to a scorpion's poison

Illustrated notes

Levels and vault maps discovered:
D:1:      sevenhm_arrival_forest_fort_small_5, layout_rooms, serial_shops,
          nicolae_shop_crystal, nicolae_shop_bloodbath_and_beyond
D:2:      layout_basic, serial_forest, infiniplex_forest_lined_room_,
          infiniplex_forest_straight_2, infiniplex_forest_lined_3,
          infiniplex_forest_lined_ring, infiniplex_forest_clump_diagonal,
          nicolae_ecumenical_pavilion, dk_vineyard_3, minmay_unequal
D:3:      layout_loops_ring, nicolae_uskayaw_suspiria, chequers_avenue

Skill      XL: |  1  2  3  4 |
---------------+-------------+-----
Short Blades   | 1 |  1.4
Long Blades    | 1 |  1.4
Maces & Flails | 1 |  1.4
Polearms       | 1 |  1.4
Staves         | 1 |  1.4
Slings         | 1 |  1.4
Bows           | 1 |  1.4
Crossbows      | 1 |  1.4
Throwing       | 1 |  1.4
Stealth        | 1 |  1.4
Shields        | 1 |  1.4
Unarmed Combat | 1 |  1.4
Spellcasting   | 1 |  1.4
Evocations     | 1 |  1.4
Conjurations   | 1 |  1.1
Hexes          | 1 |  1.1
Summonings     | 1 |  1.1
Necromancy     | 1 |  1.1
Translocations | 1 |  1.1
Transmutations | 1 |  1.1
Fire Magic     | 1 |  1.1
Ice Magic      | 1 |  1.1
Air Magic      | 1 |  1.1
Earth Magic    | 1 |  1.1
Poison Magic   | 1 |  1.1
Fighting       | |  6.6
Axes           | |  4.7
Armour         | |  4.7
Dodging        | |  2.9
Invocations    | |  4.8

Action                   |  1- 3 |  4- 6 || total
-------------------------+-------+-------++-------
Melee: Hand axe          |    91 |    70 ||   161
       Bite              |     8 |     9 ||    17
       Punch             |     1 |       ||     1
Invok: Depart the Abyss  |     1 |       ||     1
  Use: Scroll            |     4 |       ||     4
       Potion            |       |     4 ||     4
Armor: Leather armour    |     1 |       ||     1
       Scale mail        |    34 |       ||    34
       Chain mail        |     3 |    34 ||    37
Dodge: Dodged            |    51 |    39 ||    90

Table legend: (Time is in decaauts)
 A = Elapsed time spent in this place.
 B = Non-inter-level travel time spent in this place.
 C = Inter-level travel time spent in this place.
 D = Time resting spent in this place.
 E = Time spent auto-exploring this place.
 F = Levels seen in this place.
 G = Mean time per level.
                   A        B        C        D        E       F      G
               +--------+--------+--------+--------+--------+-----+--------+
         Total |   3485 |   3393 |     92 |    102 |   2749 |   5 |  697.0 |
       Dungeon |   3425 |   3333 |     92 |    102 |   2707 |   3 | 1141.7 |
         Abyss |     60 |     60 |      0 |      0 |     42 |   2 |   30.0 |
               +--------+--------+--------+--------+--------+-----+--------+

Top non-repeatable levels by time:
     D:3: 1220 daAuts
     D:2: 1215 daAuts
     D:1: 989 daAuts
 Abyss:2: 51 daAuts
 Abyss:1: 9 daAuts
